 Dungeon Crawl Stone Soup version 0.28.0-53-g5a82cb258f (webtiles) character file.

Game seed: 7789294882129329657

3833 jjjjhere the Basher (level 9, -6/69 HPs)
             Began as a Demonspawn Gladiator on Aug 8, 2022.
             Was an Initiate of Hepliaklqana.
             Shot with an arrow by a centaur (11 damage)
             ... on level 8 of the Dungeon.
             The game lasted 00:13:46 (9113 turns).

jjjjhere the Basher (Demonspawn Gladiator)          Turns: 9113, Time: 00:13:46

Health: -6/69      AC: 13    Str: 26    XL:     9   Next: 98%
Magic:  9/9        EV:  8    Int:  9    God:    Hepliaklqana [......]
Gold:   1183       SH:  5    Dex: 14    Spells: 8/8 levels left

rFire   . . .      SeeInvis .   z - +3 flail (vorpal)
rCold   . . .      Faith    .   k - +0 buckler
rNeg    . . .      Spirit   .   q - +0 chain mail
rPois   .          Reflect  .   c - +0 helmet
rElec   .          Harm     .   (no cloak)
rCorr   .          Rampage  .   (no gloves)
Will    .....                   (no boots)
Stlth   ..........              (no amulet)
HPRegen 0.21/turn               f - +6 ring of strength
MPRegen 0.11/turn               h - +4 ring of protection

@: slowed, very slow
A: hooves 2, demonic guardian 2
a: Renounce Religion


You were on level 8 of the Dungeon.
You worshipped Hepliaklqana.
Hepliaklqana was noncommittal.
You visited 2 branches of the dungeon, and saw 9 of its levels.

You collected 1183 gold pieces.

Inventory:

Hand Weapons
 z - a +3 vorpal flail (weapon)
Missiles
 j - 3 javelins (quivered)
 s - 7 boomerangs
 B - 2 datura-tipped darts
Armour
 c - a +0 helmet (worn)
 k - a +0 buckler (worn)
 q - a +0 chain mail (worn)
Jewellery
 d - a ring of flight
 e - a +4 ring of protection
 f - a +6 ring of strength (left hand)
 h - a +4 ring of protection (right hand)
 t - a ring of poison resistance
 v - a ring of protection from cold
 y - a +6 ring of intelligence
 A - a +6 ring of dexterity
Wands
 p - a wand of mindburst (8)
 x - a wand of flame (8)
 F - a wand of polymorph (8)
Scrolls
 a - 2 scrolls of blinking {unknown}
 b - 2 scrolls of identify
 i - 2 scrolls of fog {unknown}
 l - 2 scrolls of noise
 E - 2 scrolls of magic mapping
Potions
 g - a potion of flight
 n - 2 potions of heal wounds
 o - 2 potions of haste
 r - a potion of lignification
 w - a potion of berserk rage {unknown}
 D - a potion of attraction


   Skills:
 - Level 6.0 Fighting
 * Level 11.1 Maces & Flails
 - Level 1.7 Throwing
 + Level 1.0 Armour
 - Level 2.6 Dodging
 - Level 5.0 Shields


You had 8 spell levels left.
You didn't know any spells.
Your spell library contained the following spells:

 Spells                   Type           Power      Damage    Failure   Level
 Sandblast                Erth           0%         2d4       98%         1
 Passwall                 Tmut/Erth      0%         N/A       99%         2
 Inner Flame              Hex/Fire       0%         N/A       100%        3
 Stone Arrow              Conj/Erth      0%         3d7       100%        3
 Cause Fear               Hex            0%         N/A       100%        4
 Discord                  Hex            0%         N/A       100%        8


Dungeon Overview and Level Annotations

Branches:
Dungeon (8/15)             Temple (1/1) D:7
   Lair: D:8-11

Altars:
Cheibriados
Elyvilon
Gozag
Hepliaklqana
Kikubaaqudgha
Nemelex Xobeh
Qazlal
Ru
Sif Muna
Trog
Uskayaw
Vehumet
Xom
Zin
Lugonu

Shops:
D:2 [


Innate Abilities, Weirdness & Mutations

You have hoof-like feet.
A demonic guardian rushes to your aid.


Message History

You hear a splash.
You feel sick. The hornet barely misses you. You block the hornet's attack.
Aiming: Mindburst
Press: ? - help, Shift-Dir - straight line, f/p - hornet
Aim: a hornet (chance to affect: 55%)
The hornet's mind is blasted!
You feel sick. The hornet barely misses you. The hornet stings you!
You feel as though you will be slow longer.
Aiming: Mindburst
Press: ? - help, Shift-Dir - straight line, f/p - hornet
Aim: a hornet (heavily wounded, chance to affect: 55%)
The hornet's mind is blasted.
You feel sick. The hornet stings you.
You are more poisoned.
You feel as though you will be slow longer.
The hornet stings you but does no damage.
Aiming: Mindburst
Press: ? - help, Shift-Dir - straight line, f/p - hornet
Aim: a hornet (heavily wounded, chance to affect: 55%)
The hornet resists with significant effort.
You feel very sick.
You block the hornet's attack. x2; The hornet barely misses you.
Aiming: Mindburst
Press: ? - help, Shift-Dir - straight line, f/p - hornet
Aim: a hornet (heavily wounded, chance to affect: 55%)
The hornet's mind is blasted!!
You blow up the hornet!
You feel very sick.
A centaur comes into view.
Your Armour skill increases to level 1!
You feel sick.
The centaur wields a +0 shortbow.
The centaur shoots an arrow.
The arrow hits you!
* * * LOW HITPOINT WARNING * * *
A demonic guardian appears!
You feel sick.
The centaur shoots an arrow.
The arrow hits you.
* * * LOW HITPOINT WARNING * * *
The centaur shoots an arrow.
The arrow closely misses you.
You feel better.
The centaur shoots an arrow.
The arrow hits you!
* * * LOW HITPOINT WARNING * * *
The centaur shoots an arrow.
The arrow hits you!
You die...

.......
#.............#
.......
#...........c.#
....... #........!/.#
....... #.)....4....#
....... #...........##
....... #(...........
....##. #.?........#
..###..# ##.......###
#####..# ####@.....#
.#
#...######...#†...##
..##..........####...#
#............## ####
#.............#
#..........###
#......###.###
##...###_..._# ##.##
#..#..#


You could see a centaur (ally target) and a friendly ice devil (summoned).

Vanquished Creatures
  2 hornets
  3 yaks
  An acid dragon (D:8)
  3 orc warriors
  A sky beast (D:7)
  A necrophage (D:6)
  2 black bears
  An ogre (D:6)
  2 bullfrogs
  A wyvern zombie (D:7)
  A gnoll sergeant (D:8)
  A scorpion (D:5)
  A wyvern skeleton (D:7)
  2 wights (D:6)
  2 howler monkeys (D:8)
  A bullfrog zombie (D:5)
  3 hounds
  A centaur skeleton (D:7)
  5 orc priests
  5 iguanas
  5 orc wizards
  A hound zombie (D:5)
  A hound skeleton (D:4)
  9 gnolls
  4 adders
  3 shadow imps
  3 ufetubi
  2 adder skeletons
  2 worms
  5 dart slugs
  11 orcs
  8 ball pythons
  7 bats
  8 endoplasms
  2 giant cockroaches
  4 goblins
  2 hobgoblins
  4 jackals (D:1)
  4 kobolds
  5 quokkas
  4 frilled lizards
  15 rats
148 creatures vanquished.

Vanquished Creatures (collateral kills)
  5 yaks (D:5)
  A wight (D:6)
  An orc priest (D:6)
  An orc (D:8)
8 creatures vanquished.

Vanquished Creatures (others)
  3 fungi (D:8)
  11 plants
14 creatures vanquished.

Grand Total: 170 creatures vanquished

Notes
Turn   | Place    | Note
-------+----------+-------------------------------------------
     0 | D:1      | jjjjhere the Demonspawn Gladiator began the quest for the
                  | Orb.
     0 | D:1      | Reached XP level 1. HP: 16/16 MP: 1/1
   145 | D:1      | Reached skill level 3 in Maces & Flails
   279 | D:1      | Gained mutation: You have large cloven feet. [demonic
                  | ancestry]
   279 | D:1      | Reached XP level 2. HP: 22/22 MP: 2/2
   747 | D:1      | Reached XP level 3. HP: 23/28 MP: 3/3
  1073 | D:2      | Found Musut's Antique Armour Shoppe.
  1364 | D:2      | Found a faded altar of an unknown god.
  1747 | D:3      | Reached skill level 4 in Maces & Flails
  1808 | D:3      | Reached XP level 4. HP: 31/34 MP: 4/4
  2451 | D:4      | Noticed an orc warrior
  2564 | D:4      | Gained mutation: A weak demonic guardian rushes to your
                  | aid. [demonic ancestry]
  2564 | D:4      | Reached XP level 5. HP: 32/41 MP: 5/5
  2669 | D:4      | Noticed a black bear
  2702 | D:4      | Killed a black bear
  2703 | D:4      | Reached skill level 5 in Maces & Flails
  3009 | D:4      | Found a shimmering blue altar of Sif Muna.
  3218 | D:5      | Entered Level 5 of the Dungeon
  3227 | D:5      | Gained mutation: A demonic guardian rushes to your aid.
                  | [demonic ancestry]
  3227 | D:5      | Reached XP level 6. HP: 40/48 MP: 6/6
  3541 | D:5      | Noticed a yak
  3541 | D:5      | Noticed a yak
  3541 | D:5      | Noticed a yak
  3557 | D:5      | Killed a yak
  3558 | D:5      | Reached skill level 6 in Maces & Flails
  3558 | D:5      | Killed a yak
  3559 | D:5      | Reached XP level 7. HP: 24/55 MP: 7/7
  3561 | D:5      | Noticed a yak
  3563 | D:5      | Noticed a yak
  3566 | D:5      | Killed a yak
  3567 | D:5      | Reached skill level 5 in Fighting
  3567 | D:5      | Reached skill level 7 in Maces & Flails
  3573 | D:5      | Killed a yak
  3848 | D:5      | Noticed a yak
  3848 | D:5      | Noticed a yak
  3849 | D:5      | Noticed a yak
  3849 | D:5      | Noticed a yak
  3923 | D:3      | HP: 14/56 [yak (6)]
  3978 | D:3      | Killed a yak
  3979 | D:3      | Gained mutation: You have hoof-like feet. [demonic
                  | ancestry]
  3979 | D:3      | Reached XP level 8. HP: 27/64 MP: 8/8
  4797 | D:5      | Reached skill level 8 in Maces & Flails
  5206 | D:6      | Found an opulent altar of Gozag.
  5280 | D:6      | Reached skill level 1 in Shields
  5521 | D:6      | HP: 21/64 [poisoned by an orc wizard]
  5526 | D:6      | HP: 12/64 [poisoned by an orc wizard]
  5531 | D:6      | HP: 5/64 [orc priest/divine providence (10)]
  5567 | D:6      | HP: 10/64 [something/magic dart (2)]
  6112 | D:6      | Reached skill level 9 in Maces & Flails
  6694 | D:7      | Reached XP level 9. HP: 30/69 MP: 9/9
  6922 | D:7      | Found a staircase to the Ecumenical Temple.
  6938 | Temple   | Entered the Ecumenical Temple
  6981 | Temple   | Became a worshipper of Hepliaklqana the Forgotten
  7108 | D:7      | Identified a scroll of acquirement
  7108 | D:7      | Acquired 741 gold pieces
  7941 | D:5      | Reached skill level 10 in Maces & Flails
  9001 | D:8      | Reached skill level 11 in Maces & Flails
  9001 | D:8      | Reached skill level 5 in Shields
  9074 | D:8      | Found a sacrificial altar of Ru.
  9075 | D:8      | Found a stormy altar of Qazlal.
  9076 | D:8      | Found a bloodstained altar of Trog.
  9076 | D:8      | Found a sparkling altar of Nemelex Xobeh.
  9109 | D:8      | HP: 22/69 [poisoned by a hornet]
  9111 | D:8      | Reached skill level 1 in Armour
  9111 | D:8      | HP: 10/69 [centaur/arrow (8)]
  9113 | D:8      | Shot with an arrow by a centaur

Illustrated notes

Levels and vault maps discovered:
D:1:      psy_arrival_statuary, layout_loops_ring, minmay_rat_gold_closets
D:2:      layout_basic, serial_shops, shop,
          shapermc_ecumenical_altar_mp_urbaneastern
D:3:      layout_basic
D:4:      layout_cave_pools, mainiacjoe_overflow_brackets
D:5:      layout_basic, nicolae_elyvilon_temple_path
D:6:      layout_basic, mainiacjoe_overflow_paths
D:7:      layout_basic, minmay_temple_entry_statues_pillars
D:8:      layout_cave_pods, cheibrodos_ashenzari_chains,
          mainiacjoe_overflow_catwalk, mainiacjoe_overflow_alcove_3,
          grunt_lair_entry_orc_guard_hut, enter_ossuary_4, minmay_orc_keep,
          uniq_pikel
Temple:   corrupted_temple

Skill      XL: |  1  2  3  4  5  6  7  8  9 |
---------------+----------------------------+-----
Maces & Flails | 3 4 5 6 7 9 11 | 11.1
Fighting       | 3 4 5 6 |  6.0
Shields        | 2 5 |  5.0
Armour         | 1 |  1.0
Throwing       | |  1.7
Dodging        | |  2.6

Action                   |  1- 3 |  4- 6 |  7- 9 || total
-------------------------+-------+-------+-------++-------
Melee: Flail             |   104 |   106 |   236 ||   446
       Kick              |    13 |    22 |    69 ||   104
       Punch             |     1 |     2 |       ||     3
Throw: Throwing net      |     2 |       |     3 ||     5
       Boomerang         |       |     4 |       ||     4
Evoke: Wand              |       |       |    12 ||    12
  Use: Scroll            |       |       |    14 ||    14
       Potion            |       |       |     3 ||     3
 Stab: Sleeping          |     4 |       |       ||     4
       Held in net/web   |     1 |       |     1 ||     2
Armor: Leather armour    |    32 |       |       ||    32
       Chain mail        |       |    74 |   107 ||   181
Dodge: Dodged            |    75 |    66 |    66 ||   207
Block: Buckler           |       |       |    44 ||    44
